Map: Heavy Artillery LE

Players

Bluebear

  • Race: Terran Terran
  • Spawn Location: 7:00

Vernus

  • Race: Protoss Protoss
  • Spawn Location: 7:00

Massa - Winner!

  • Race: Terran Terran
  • League: Platinum
  • Spawn Location: 3:00

qqq - Winner!

  • Race: Zerg Zerg
  • League: Platinum
  • Spawn Location: 1:00

VOD

Have the link to the VOD?

Description

Time

  • Played on: Jan. 17, 2021, 4:29 p.m.
  • Length: 14:03
Show
View Real Time Build Order
Export as new Build Order

Bluebear Terran 

Build Orders: Mech 

Get SALT Encoding   

  12  0:02  SCV  
  13  0:14  SCV  
  14  0:25  Supply Depot  
  14  0:26  SCV  
  15  0:34  Refinery  
  15  0:48  Barracks  
  15  0:56  SCV  
  16  1:08  SCV  
  17  1:14  Barracks  
  17  1:20  SCV  
  19  1:35  Marine  
  19  1:36  Orbital Command  
  19  1:39  Factory  
  19  1:45  Refinery  
  19  2:02  Supply Depot  
  19  2:04  SCV  
  19  2:05  Barracks Tech Lab  
  20  2:12  Barracks Reactor  
  20  2:16  SCV  
  21  2:27  Factory Tech Lab  
  21  2:28  SCV  
  22  2:34  Starport  
  22  2:38  Marine  
  22  2:40  SCV  
  24  2:49  Hellion  
  26  2:52  Stimpack  
  26  2:56  Marine  
  26  2:58  Marine x2  
  27  3:01  SCV  
  27  3:04  Supply Depot  
  30  3:16  Engineering Bay  
  30  3:20  Supply Depot  
  30  3:27  Medivac  
  30  3:33  Marine x3  
  35  3:36  SCV  
  36  3:43  Missile Turret  
  36  3:48  Siege Tank  
  39  3:58  Bunker  
  39  4:03  Marine x2  
  39  4:04  Marine  
  39  4:08  Medivac  
  44  4:13  Supply Depot  
  44  4:31  Marine x3  
  44  4:35  Siege Tank  
  50  4:49  Marine x2  
  52  4:56  Supply Depot  
  52  5:07  Command Center  
  44  6:01  Armory  
  42  6:08  Missile Turret  
  42  6:11  Marine x3  
  42  6:12  Supply Depot  
  42  6:13  SCV  
  46  6:25  SCV  
  47  6:29  Marine x3  
  47  6:31  Starport Reactor  
  50  6:35  Missile Turret  
  50  6:36  Combat Shield  
  50  6:37  SCV  
  50  6:38  Refinery  
  51  6:46  Marine  
  52  6:47  Marine x2  
  52  6:49  SCV, Planetary Fortress  
  55  6:55  Refinery  
  55  7:01  SCV  
  55  7:03  Factory x2  
  52  7:09  Thor  
  53  7:30  Missile Turret  
  53  7:32  SCV  
  54  7:44  SCV x2  
  56  7:56  SCV x2  
  58  8:08  SCV  
  58  8:09  SCV  
  60  8:13  Factory Tech Lab x2, Thor  
  66  8:20  SCV  
  66  8:21  SCV  
  68  8:32  SCV  
  68  8:33  SCV  
  70  8:44  SCV  
  70  8:46  Thor x2  
  83  8:52  Supply Depot  
  83  8:55  Supply Depot  
  83  9:09  Command Center  
  83  9:30  Marine  
  83  9:31  Marine x2  
  86  9:45  Terran Vehicle Weapons Level 1  
  86  9:46  Thor  
  86  9:48  Marine x2, Thor  
  100  9:57  Supply Depot  
  100  9:58  Supply Depot  
  100  10:22  Sensor Tower  
  92  10:48  Thor x3  
  108  11:23  Supply Depot x2  
  107  11:31  Thor  
  112  11:40  Medivac x2  
  112  11:43  Thor x2  
  123  12:00  Missile Turret x2  
  121  12:11  Missile Turret  
  105  13:13  Command Center  
Show
View Real Time Build Order
Export as new Build Order

Vernus Protoss 

Build Orders:  

Get SALT Encoding   

  12  0:02  Probe  
  13  0:14  Probe  
  13  0:19  Pylon  
  14  0:26  Probe  
  15  0:38  Probe  
  15  0:42  Gateway  
  16  0:50  Probe, Assimilator  
  17  1:03  Probe (Chrono Boost), Pylon  
  18  1:08  Assimilator  
  18  1:14  Probe (Chrono Boost)  
  19  1:19  Probe (Chrono Boost)  
  20  1:29  Probe (Chrono Boost)  
  20  1:32  Cybernetics Core  
  21  1:36  Gateway  
  21  1:41  Probe (Chrono Boost)  
  22  1:49  Probe (Chrono Boost)  
  23  2:07  Nexus  
  23  2:10  Probe, Warp Gate (Chrono Boost)  
  24  2:28  Pylon  
  24  2:32  Probe  
  24  2:35  Forge  
  25  2:43  Adept  
  25  2:44  Probe  
  28  2:46  Adept  
  30  2:56  Probe  
  31  3:08  Probe, Robotics Facility  
  32  3:16  Photon Cannon  
  32  3:20  Probe (Chrono Boost)  
  32  3:22  Probe (Chrono Boost)  
  34  3:30  Probe (Chrono Boost)  
  34  3:31  Probe (Chrono Boost)  
  34  3:33  Protoss Ground Weapons Level 1 (Chrono Boost)  
  36  3:36  Probe x2 (Chrono Boost)  
  38  3:42  Gateway  
  38  3:46  Probe  
  37  3:55  Stargate  
  35  3:59  Shield Battery  
  35  4:01  Stalker  
  35  4:02  Stalker  
  39  4:07  Shield Battery  
  39  4:11  Probe x2  
  41  4:21  Immortal  
  41  4:23  Probe  
  46  4:24  Probe  
  47  4:36  Probe (Chrono Boost), Robotics Bay  
  47  4:37  Probe (Chrono Boost)  
  49  4:41  Pylon  
  49  4:47  Assimilator  
  49  4:49  Probe (Chrono Boost)  
  49  4:52  Assimilator  
  50  4:55  Probe (Chrono Boost), Pylon  
  50  4:57  Warp Prism (Chrono Boost)  
  51  5:01  Probe  
  51  5:03  Probe  
  55  5:13  Void Ray  
  55  5:14  Probe  
  56  5:15  Probe  
  56  5:19  Protoss Air Weapons Level 1  
  65  5:29  Forge  
  65  5:40  Photon Cannon  
  65  5:43  Photon Cannon  
  65  5:45  Shield Battery  
  65  5:47  Pylon  
  65  5:51  Photon Cannon, Pylon  
  65  5:56  Stalker x2  
  65  6:00  Twilight Council, Void Ray  
  65  6:03  Protoss Shields Level 1  
  65  6:09  Stalker  
  71  6:22  Pylon  
  71  6:28  Pylon  
  71  6:33  Stalker x3  
  71  6:38  Dark Shrine  
  75  6:59  Blink (Chrono Boost)  
  75  7:01  Stalker x3  
  69  7:42  Void Ray  
  69  7:50  Colossus  
  79  7:52  Extended Thermal Lance  
  79  8:05  Pylon  
  79  8:06  Dark Templar  
  79  8:07  Pylon  
  79  8:27  Nexus  
  79  8:30  Probe x2  
  79  8:34  Pylon  
  81  8:36  Pylon  
  77  8:42  Probe x2  
  77  8:45  Charge  
  79  8:54  Probe x2  
  81  9:04  Photon Cannon  
  81  9:06  Probe x2, Photon Cannon  
  83  9:10  Photon Cannon  
  82  9:18  Probe x2  
  82  9:21  Dark Templar x3  
  90  9:26  Observer, Archon  
  90  9:27  Archon  
  90  9:30  Probe x2  
  93  9:35  Assimilator  
  93  9:37  Assimilator  
  93  9:42  Probe x2, Gateway x2  
  93  9:43  Pylon  
  93  9:44  Gateway  
  93  9:45  Pylon  
  95  9:46  Void Ray  
  95  9:47  Gateway  
  95  9:48  Shield Battery  
  95  9:51  Photon Cannon  
  99  9:57  Probe x2 (Chrono Boost)  
  101  10:01  Probe (Chrono Boost)  
  101  10:05  Dark Templar x2  
  101  10:06  Dark Templar  
  108  10:09  Archon, Protoss Air Armor Level 1  
  108  10:11  Probe (Chrono Boost)  
  109  10:16  Probe (Chrono Boost)  
  109  10:19  Disruptor (Chrono Boost)  
  110  10:25  Nexus  
  110  10:27  Probe  
  114  10:39  Probe  
  115  10:43  Dark Templar x4  
  123  11:24  Dark Templar x6  
  127  11:26  Zealot  
  100  11:57  Archon x2  
  100  12:01  Stalker x7  
  114  12:11  Probe (Chrono Boost)  
  115  12:21  Probe (Chrono Boost)  
  116  12:26  Probe (Chrono Boost)  
  116  12:29  Probe, Fleet Beacon  
  118  12:37  Probe, Pylon x2  
  118  12:40  Pylon, Zealot x5  
  118  12:41  Pylon  
  118  12:42  Probe  
  118  12:43  Assimilator  
  130  12:44  Assimilator  
  130  12:49  Probe  
  131  12:54  Probe  
  132  13:04  Disruptor (Chrono Boost)  
  132  13:05  Void Ray  
  132  13:06  Probe  
  140  13:17  Robotics Facility  
  140  13:18  Probe  
  141  13:20  Stargate  
  141  13:36  Stalker  
  141  13:37  Stalker x4  
Show
View Real Time Build Order
Export as new Build Order

Massa Terran - Winner!

Build Orders:  

Get SALT Encoding   

  12  0:00  SCV  
  13  0:12  SCV  
  14  0:21  Supply Depot  
  14  0:24  SCV  
  15  0:43  SCV, Barracks  
  15  0:47  Refinery  
  16  0:55  SCV  
  17  1:07  SCV  
  18  1:19  SCV  
  20  1:34  Orbital Command  
  20  1:35  Barracks Reactor  
  19  1:42  Command Center  
  19  1:59  Supply Depot  
  19  2:04  SCV  
  20  2:13  Marine x2  
  20  2:14  Factory  
  22  2:21  SCV  
  23  2:24  Supply Depot  
  23  2:31  Marine x2  
  25  2:38  SCV  
  26  2:48  Marine  
  26  2:49  Marine  
  28  3:00  Orbital Command  
  28  3:06  Starport  
  28  3:15  Barracks Tech Lab  
  28  3:16  Hellion x2  
  32  3:27  SCV x2  
  34  3:35  Marauder  
  34  3:39  SCV x2  
  34  3:40  Hellion x2  
  42  3:51  SCV  
  42  3:54  Starport Tech Lab  
  43  3:57  Refinery  
  43  3:59  SCV  
  44  4:03  Refinery, SCV, Engineering Bay  
  45  4:11  SCV  
  45  4:14  Marine  
  45  4:16  SCV  
  48  4:17  Widow Mine x2  
  52  4:32  Marine  
  52  4:35  Refinery, Supply Depot  
  52  4:36  Supply Depot x2  
  52  4:38  Banshee  
  54  4:57  SCV x2  
  56  5:00  Supply Depot  
  56  5:01  Supply Depot  
  56  5:03  Command Center  
  56  5:09  SCV x2  
  57  5:27  Marauder  
  60  5:42  SCV  
  60  5:43  SCV  
  60  5:49  Marauder  
  63  5:55  SCV x2  
  65  6:01  Widow Mine  
  69  6:04  Widow Mine  
  69  6:05  Terran Infantry Weapons Level 1  
  69  6:09  Barracks  
  69  6:10  Barracks  
  69  6:11  Raven  
  71  6:20  Missile Turret  
  71  6:23  Supply Depot  
  71  6:25  Missile Turret  
  71  6:27  Sensor Tower  
  46  7:50  SCV x2  
  48  7:53  Barracks Reactor, Barracks Tech Lab  
  48  7:59  Barracks  
  48  8:01  Barracks, Factory  
  48  8:02  SCV x2  
  50  8:07  Raven  
  50  8:11  Marine x3  
  53  8:14  SCV x2  
  53  8:20  Armory  
  53  8:22  Engineering Bay  
  53  8:23  Terran Infantry Armor Level 1  
  53  8:26  SCV x2  
  55  8:28  Marine  
  55  8:29  Marine  
  57  8:35  Missile Turret x2  
  57  8:36  Refinery  
  57  8:38  SCV  
  57  8:39  SCV  
  59  8:45  Planetary Fortress  
  59  8:49  Missile Turret  
  59  8:51  SCV x2  
  76  8:55  Medivac  
  61  8:56  Siege Tank  
  61  8:57  Missile Turret  
  61  8:59  Marauder, Marine x2  
  61  9:00  Marine x2  
  72  9:03  SCV  
  72  9:04  Barracks Reactor, Barracks Tech Lab  
  72  9:05  Factory Tech Lab  
  73  9:14  SCV  
  73  9:15  SCV  
  75  9:17  Marine x2  
  75  9:21  Marauder  
  75  9:23  Smart Servos  
  77  9:26  Drilling Claws, SCV  
  77  9:27  SCV  
  77  9:28  Thor  
  77  9:29  Stimpack  
  77  9:31  Combat Shield  
  85  9:39  SCV x2  
  85  9:42  Marauder  
  89  9:48  Refinery  
  89  9:49  Marauder  
  89  9:51  SCV  
  92  9:56  Marine x2  
  92  9:57  Marine x4, Ghost Academy  
  92  9:58  Terran Infantry Weapons Level 2  
  92  9:59  Terran Vehicle Weapons Level 1  
  98  10:03  Marauder  
  100  10:07  Command Center  
  100  10:10  Supply Depot  
  100  10:13  Supply Depot  
  100  10:15  Supply Depot  
  100  10:18  Supply Depot  
  100  10:21  Missile Turret  
  100  10:25  SCV  
  101  10:32  SCV x2, Marauder x2  
  101  10:34  Thor  
  113  10:36  Thor  
  113  10:37  SCV  
  120  10:47  Raven  
  122  10:50  Concussive Shells  
  122  11:07  Marauder x2, Marine  
  122  11:08  Marine  
  128  11:19  Thor x2  
  140  11:28  Marauder x2  
  117  11:50  Marauder x2  
  106  11:58  Marine x2  
  106  11:59  Marine x4  
  112  12:01  Thor  
  112  12:02  Thor  
  112  12:04  Planetary Fortress  
  124  12:09  SCV  
  124  12:11  Marauder x2  
  124  12:13  Missile Turret  
  129  12:17  Missile Turret  
  129  12:22  Armory  
  129  12:30  Marine x6  
  129  12:32  Marauder x2  
  139  12:37  Missile Turret  
  139  12:44  Raven, Thor  
  139  12:47  Marine  
  148  12:53  Supply Depot  
  148  12:54  Supply Depot x2  
  148  12:56  Supply Depot  
  148  13:04  Refinery  
  148  13:06  Refinery  
  148  13:14  SCV x2, Marauder x2, Marine x2  
  148  13:15  Thor  
  148  13:16  SCV  
  148  13:17  Supply Depot  
  148  13:19  Supply Depot  
  163  13:20  Supply Depot  
  173  13:43  Supply Depot  
Show
View Real Time Build Order
Export as new Build Order

qqq Zerg - Winner!

Build Orders: Hatch First, Brood Lord Corruptor 

Get SALT Encoding   

  12  0:00  Drone  
  13  0:09  Drone  
  14  0:25  Overlord  
  14  0:44  Hatchery  
  13  0:57  Drone x3  
  16  1:11  Drone  
  17  1:22  Spawning Pool  
  17  1:23  Extractor  
  15  1:35  Drone x2  
  17  1:41  Drone  
  18  1:52  Drone  
  19  1:57  Drone  
  20  2:02  Drone  
  21  2:09  Queen  
  21  2:13  Drone  
  26  2:20  Drone  
  25  2:30  Hatchery  
  25  2:32  Lair  
  25  2:36  Drone  
  25  2:39  Zergling x2  
  25  2:40  Drone  
  27  2:47  Overlord  
  27  2:53  Drone  
  28  3:00  Overlord  
  28  3:05  Queen  
  28  3:07  Drone  
  28  3:08  Drone  
  32  3:13  Drone  
  32  3:14  Extractor  
  32  3:15  Drone  
  33  3:25  Drone  
  33  3:26  Drone x2  
  36  3:35  Drone x2  
  36  3:36  Drone  
  39  3:42  Spire  
  39  3:43  Drone  
  39  3:45  Drone  
  40  3:50  Drone x2  
  40  3:51  Drone  
  40  3:55  Drone  
  44  3:58  Overlord  
  44  4:02  Zergling x2  
  45  4:04  Zergling x2  
  45  4:05  Drone  
  45  4:06  Drone  
  48  4:14  Drone x2  
  50  4:18  Drone x2  
  50  4:19  Extractor  
  50  4:22  Extractor  
  50  4:24  Overlord  
  50  4:27  Drone x4  
  50  4:30  Queen  
  56  4:32  Drone  
  57  4:48  Drone x2  
  57  4:49  Drone x2  
  61  4:55  Mutalisk x2  
  61  4:57  Overlord  
  61  4:58  Overlord  
  65  5:00  Zerg Flyer Weapons Level 1  
  65  5:05  Infestation Pit  
  64  5:15  Mutalisk x2  
  68  5:25  Mutalisk  
  67  5:48  Corruptor  
  67  6:00  Drone x3  
  70  6:11  Drone  
  70  6:12  Mutalisk  
  70  6:13  Mutalisk x3  
  70  6:14  Drone  
  70  6:17  Hatchery  
  79  6:21  Extractor  
  79  6:22  Extractor  
  79  6:25  Hive  
  77  6:27  Drone x2  
  77  6:29  Mutalisk  
  81  6:37  Drone, Hatchery  
  81  6:39  Hatchery  
  80  6:46  Hatchery  
  79  6:59  Spore Crawler x2  
  79  7:00  Drone x2  
  79  7:01  Drone x2, Spine Crawler, Spore Crawler, Corruptor  
  80  7:04  Zerg Flyer Armor Level 1  
  80  7:05  Drone  
  80  7:06  Overlord  
  80  7:07  Overlord x2  
  82  7:17  Overlord  
  82  7:34  Mutalisk x2  
  82  7:36  Mutalisk x3  
  84  7:38  Drone x2  
  84  7:39  Drone x8  
  84  7:42  Queen  
  101  7:49  Drone x3  
  101  7:50  Drone x3  
  101  7:51  Overlord  
  107  7:58  Drone x6, Spire  
  110  7:59  Corruptor  
  110  8:03  Queen  
  110  8:04  Drone x4  
  120  8:06  Drone  
  120  8:10  Drone x2, Mutalisk  
  125  8:21  Drone  
  125  8:22  Drone x3  
  125  8:23  Mutalisk  
  131  8:29  Mutalisk  
  131  8:30  Mutalisk x2  
  131  8:55  Drone x2  
  131  8:56  Drone x9  
  131  8:57  Drone x6  
  131  8:59  Pneumatized Carapace  
  131  9:00  Overlord x2  
  131  9:01  Overlord  
  131  9:02  Overseer  
  146  9:10  Extractor, Spore Crawler  
  146  9:11  Extractor, Spine Crawler  
  146  9:13  Spine Crawler  
  141  9:17  Spore Crawler  
  141  9:19  Spine Crawler  
  141  9:20  Spine Crawler  
  141  9:21  Spore Crawler  
  141  9:22  Spine Crawler  
  141  9:23  Spine Crawler  
  135  9:24  Drone x4  
  135  9:25  Drone x6  
  135  9:26  Overlord x4  
  135  9:30  Greater Spire  
  145  9:45  Extractor, Corruptor  
  144  9:46  Corruptor x3  
  144  9:47  Extractor  
  144  9:48  Zerg Flyer Weapons Level 2  
  144  9:52  Overlord  
  151  9:53  Mutalisk x3  
  151  9:55  Zergling x2  
  151  9:56  Zergling x12  
  151  9:57  Zergling x8  
  151  9:58  Metabolic Boost  
  168  10:04  Spine Crawler  
  168  10:05  Spine Crawler  
  166  10:07  Spine Crawler  
  165  10:19  Spore Crawler  
  165  10:20  Spine Crawler x2  
  162  10:21  Extractor  
  162  10:24  Drone x2  
  163  10:33  Drone x4  
  164  10:54  Spine Crawler x2  
  164  10:56  Brood Lord x2  
  164  10:57  Brood Lord x4  
  168  10:58  Corruptor x4  
  168  10:59  Corruptor x2  
  168  11:03  Drone x3  
  185  11:05  Extractor  
  180  11:16  Hatchery  
  179  11:21  Hatchery  
  179  11:22  Queen  
  179  11:23  Drone x5  
  185  11:27  Spore Crawler  
  185  11:28  Spine Crawler  
  185  11:29  Drone, Spine Crawler  
  183  11:36  Corruptor  
  183  11:37  Corruptor  
  183  11:39  Brood Lord x5  
  199  11:40  Brood Lord  
  195  12:57  Viper x3  
  198  13:05  Brood Lord x2  
Tags
 
Add a new tag
Caveats
  • Supply blocks, unpowered buildings, or Contaminate may cause inaccurate times.
  • Supply counts are checked every 10 seconds.